 Dungeon Crawl Stone Soup version 0.27-a0-1358-ga0a28fc8c3 (webtiles) character file.

Game seed: 10221155383305182416

452 Delamore the Sneak (level 7, 0/49 HPs)
             Began as an Octopode Brigand on June 28, 2021.
             Slain by an ice beast (8 damage)
             ... on level 5 of the Dungeon.
             The game lasted 00:04:14 (4237 turns).

Delamore the Sneak (Octopode Brigand)               Turns: 4237, Time: 00:04:15

Health: 0/49       AC:  1    Str: 11    XL:     7   Next: 5%
Magic:  7/7        EV: 12    Int: 13    God:
Gold:   269        SH:  0    Dex: 15    Spells: 6/6 levels left

rFire    . . .     SeeInvis .   a - +3 dagger (chaos)
rCold    . . .     Faith    .   (no shield)
rNeg     . . .     Spirit   .   (helmet restricted)
rPois    .         Reflect  .   (no amulet)
rElec    .         Harm     .   (no ring)
rCorr    .         Rampage  .   (no ring)
Will     .....                  (no ring)
Stlth    +++++.....             (no ring)
HPRegen  0.16/turn              (no ring)
MPRegen  0.10/turn              (no ring)
                                (no ring)
                                (no ring)

@: no status effects
A: almost no armour, amphibious, 8 rings, camouflage 1, gelatinous body 1,
(nimble swimmer 1), tentacles
a: no special abilities


You were on level 5 of the Dungeon.
You visited 1 branch of the dungeon, and saw 5 of its levels.

You collected 269 gold pieces.

Inventory:

Hand Weapons
 a - a +3 dagger of chaos (weapon)
 e - a +1 short sword of holy wrath
 n - a +0 dagger of venom
Missiles
 b - 13 poisoned darts (quivered)
 c - 2 curare-tipped darts
 q - 5 boomerangs
 r - 6 javelins
 v - 7 atropa-tipped darts
Jewellery
 p - an amulet of magic regeneration
Wands
 f - a wand of mindburst (9)
Scrolls
 d - 2 scrolls of amnesia
 g - a scroll of vulnerability
 j - a scroll of magic mapping
 k - 2 scrolls of fog
 t - a scroll of acquirement {unknown}
Potions
 h - a potion of heal wounds
 i - a potion of haste
 l - a potion of attraction {unknown}
 m - a potion of curing
 o - a potion of resistance {unknown}
 s - 2 potions of lignification {unknown}
 u - a potion of brilliance {unknown}


   Skills:
 + Level 4.4 Fighting
 + Level 4.4 Short Blades
 - Level 2.0 Throwing
 - Level 1.0 Dodging
 + Level 7.9 Stealth


You had 6 spell levels left.
You didn't know any spells.
Your spell library contained the following spells:

 Spells                   Type           Power      Damage    Failure   Level
 Animate Skeleton         Necr           0%         N/A       30%         1
 Freeze                   Ice            0%         1d3       30%         1
 Magic Dart               Conj           0%         1d3       30%         1
 Pain                     Necr           0%         1d4       30%         1
 Blink                    Tloc           N/A        N/A       43%         2
 Call Imp                 Summ           0%         N/A       43%         2
 Slow                     Hex            0%         N/A       43%         2
 Conjure Flame            Conj/Fire      0%         6-21      67%         3
 Frozen Ramparts          Ice            0%         1d2       67%         3
 Mephitic Cloud           Conj/Pois/Air  0%         N/A       67%         3
 Ozocubu's Armour         Ice            0%         N/A       67%         3
 Vampiric Draining        Necr           0%         2d6       67%         3
 Animate Dead             Necr           0%         N/A       97%         4
 Hailstorm                Conj/Ice       0%         3d3       97%         4
 Agony                    Necr           0%         N/A       100%        5
 Metabolic Englaciation   Hex/Ice        0%         N/A       100%        5


Dungeon Overview and Level Annotations

Branches:
Dungeon (5/15)
 Temple: D:4-7

Altars:

Annotations:
D:5 2 transporters


Innate Abilities, Weirdness & Mutations

You cannot wear most types of armour.
You are amphibious.
You can wear up to eight rings at the same time.
Your skin changes colour to match your surroundings (Stealth+).
Your rubbery body absorbs attacks. (AC +1, EV +1)
((You are camouflaged near water. (Stealth+)))
You have tentacles for arms and can constrict up to eight enemies at once.


Message History

You see here a jackal corpse.
Found a stone staircase leading down.
An ice beast comes into view.
An ice beast is nearby!
An iguana and an adder come into view.
The helpless iguana fails to defend itself.
You spit the iguana like a pig!!!
You kill the iguana!
The ice beast hits you. The ice beast freezes you.
You have reached level 7!
You hit the ice beast but do no damage.
You squeeze the ice beast, but do no damage.
The ice beast hits you. The ice beast freezes you!
You hit the ice beast. You drain the ice beast.
The ice beast is moderately wounded.
The ice beast hits you. The ice beast freezes you.
You hit the ice beast.
You melt the ice beast.
Your squeeze misses the ice beast.
The ice beast is moderately wounded.
You hit the ice beast but do no damage. You drain the ice beast.
The ice beast is heavily wounded.
The ice beast barely misses you.
You hit the ice beast. Your squeeze misses the ice beast.
The ice beast is heavily wounded.
The ice beast barely misses you.
You barely miss the ice beast.
The ice beast is heavily wounded.
The ice beast hits you. The ice beast freezes you!
* * * LOW HITPOINT WARNING * * *
The adder hisses angrily.
A black bear comes into view.
Aiming: Mindburst
Press: ? - help, Shift-Dir - straight line, f - ice beast
Aim: an ice beast (moderately wounded, heavily drained, chance to affect: 71%)
The ice beast struggles to resist.
The adder bites you.
* * * LOW HITPOINT WARNING * * *
The ice beast hits you.
* * * LOW HITPOINT WARNING * * *
The ice beast freezes you!
You die...

### ######.............###. ..#
####.............# ##
..###########................####
>................................
..#....######....................
..#....# #..........†.........
.##....######..........†.........
.##..............#####...##......
.##.............@# #...####..).
.##............SY# #...# #####
.##..............# #...# #
.##..............################
.##....########.................#
.##....# #.###############.#
.####### #.#8≈#..5....#P8#.#
.###### ##.#P.#≈≈≈≈≈≈≈#.P#.#
.#....########..#$.#..≈P≈..#..#..


You could see an ice beast (drained) and an adder.

Vanquished Creatures
  An ogre (D:4)
  A scorpion (D:4)
  2 hounds
  A jelly (D:5)
  An iguana (D:5)
  2 hound skeletons
  4 gnolls
  3 adders
  An adder zombie (D:2)
  2 worms
  A dart slug (D:1)
  6 orcs (D:4)
  8 endoplasms
  2 giant cockroaches
  A goblin (D:1)
  6 hobgoblins
  6 jackals
  2 quokkas
  11 ball pythons
  8 bats
  4 frilled lizards
  8 kobolds
  4 rats
85 creatures vanquished.

Vanquished Creatures (others)
  3 withered plants (D:1)
3 creatures vanquished.

Grand Total: 88 creatures vanquished

Notes
Turn   | Place    | Note
-------+----------+-------------------------------------------
     0 | D:1      | Delamore the Octopode Brigand began the quest for the Orb.
     0 | D:1      | Reached XP level 1. HP: 14/14 MP: 1/1
    65 | D:1      | Reached XP level 2. HP: 14/19 MP: 2/2
   200 | D:1      | Found a faded altar of an unknown god.
   750 | D:1      | Reached XP level 3. HP: 25/25 MP: 3/3
  1194 | D:2      | Reached skill level 6 in Stealth
  1221 | D:2      | Reached XP level 4. HP: 14/30 MP: 4/4
  2322 | D:3      | Reached XP level 5. HP: 29/36 MP: 5/5
  3075 | D:4      | Reached skill level 7 in Stealth
  3075 | D:4      | Reached XP level 6. HP: 18/43 MP: 6/6
  3722 | D:5      | Entered Level 5 of the Dungeon
  4011 | D:5      | Found a transporter.
  4027 | D:5      | Found a transporter.
  4204 | D:5      | Noticed an ice beast
  4217 | D:5      | Reached XP level 7. HP: 40/49 MP: 7/7
  4237 | D:5      | Slain by an ice beast

Illustrated notes

Levels and vault maps discovered:
D:1:      dpeg_arrival_long_road, layout_loops_ring,
          ebering_ecumenical_altar_petrified, minmay_small_reverse_x
D:2:      layout_loops_ring, serial_undead, serial_undead_f, serial_undead_e,
          serial_undead_f, serial_undead_c, serial_undead_e
D:3:      layout_basic, grunt_decor_arrowhead
D:4:      layout_rooms
D:5:      gammafunk_wand_slinger, layout_basic, minmay_statues_item,
          interstate_on_off

Skill      XL: |  1  2  3  4  5  6 |
---------------+-------------------+-----
Stealth        | 6 7 |  7.9
Fighting       | 3 4 |  4.4
Short Blades   | 3 4 |  4.4
Throwing       | |  2.0
Dodging        | |  1.0

Action                   |  1- 3 |  4- 6 |  7- 9 || total
-------------------------+-------+-------+-------++-------
Melee: Dagger            |    37 |   115 |     6 ||   158
       Constrict         |     7 |    22 |       ||    29
       Tentacles         |     4 |    20 |     1 ||    25
Throw: Dart              |     8 |    11 |       ||    19
Evoke: Wand              |       |       |     1 ||     1
  Use: Scroll            |     3 |     8 |       ||    11
       Potion            |       |     1 |       ||     1
 Stab: Sleeping          |     9 |    15 |       ||    24
Armor: Skin              |     2 |    14 |       ||    16
Dodge: Dodged            |    17 |    74 |     2 ||    93

Table legend: (Time is in decaauts)
 A = Elapsed time spent in this place.
 B = Non-inter-level travel time spent in this place.
 C = Inter-level travel time spent in this place.
 D = Time resting spent in this place.
 E = Time spent auto-exploring this place.
 F = Levels seen in this place.
 G = Mean time per level.
                   A        B        C        D        E       F      G
               +--------+--------+--------+--------+--------+-----+--------+
         Total |   4210 |   3972 |    238 |    691 |   2679 |   5 |  842.0 |
       Dungeon |   4210 |   3972 |    238 |    691 |   2679 |   5 |  842.0 |
               +--------+--------+--------+--------+--------+-----+--------+

Top non-repeatable levels by time:
     D:1: 1271 daAuts
     D:4: 961 daAuts
     D:2: 909 daAuts
     D:3: 557 daAuts
     D:5: 509 daAuts
